AoeStats
← INK | Luma

Arabia

506270253Analyzed
1v1 RM · 19d ago on Sep 13, 2026· 35m 13s· 2 players
Game mode
Random Map
Map size
Tiny (2 player)
Population
200
Speed
Normal
Resources
Standard
Victory
Conquest
Starting age
Dark Age
Ending age
Imperial Age
RankedLock teamsTeams togetherTeam positionsShared explorationLock speedFull tech treeHidden civsTurbo modeCheats
Victory
Defeat
🇨🇴 Portuguese · Colombia
1259
+16
🇨🇱 Inca · Chile
1264
-35
danikun1614
6:49 Loom
9:19 Feudal Age
9:47 Double-Bit Axe
9:46 Horse Collar
14:00 Fletching
15:28 Padded Archer Armor
15:45 Town Watch
21:59 Castle Age
20:24 Gold Mining
20:57 Bloodlines
21:42 Scale Barding Armor
21:47 Forging
22:42 Wheelbarrow
23:33 Husbandry
24:16 Iron Casting
29:21 Chain Barding Armor
35:50 Bow Saw
INK | Luma
7:14 Loom
9:41 Feudal Age
10:07 Horse Collar
10:12 Double-Bit Axe
11:35 Horse Collar
13:32 Padded Archer Armor
16:54 Fletching
24:19 Castle Age
23:12 Horse Collar
23:24 Gold Mining
24:23 Pikeman
33:36 Forging
Connection lost

Rejoining the realm…

Still unreachable

The connection could not be restored.

Session expired

The server has moved on; the page needs a fresh start.